 Dungeon Crawl Stone Soup version 0.23.0 (webtiles) character file.

Game seed: 10008473874812879255

70 Monsterracer the Cutter (level 4, -7/27 HPs)
             Began as a Kobold Artificer on Feb 17, 2019.
             Killed by divine providence
             ... invoked by an orc priest
              (14 damage)
             ... on level 3 of the Dungeon.
             The game lasted 00:02:02 (2803 turns).

Monsterracer the Cutter (Kobold Artificer)          Turns: 2803, Time: 00:02:02

Health: -7/27      AC:  6    Str: 10    XL:     4   Next: 44%
Magic:  6/6        EV: 13    Int: 12    God:
Gold:   120        SH:  0    Dex: 15    Spells: 3/3 levels left

rFire    . . .     SeeInvis .   a - +0 short sword
rCold    + . .     Gourm    .   (shield restricted)
rNeg     . . .     Faith    .   r - +0 ring mail
rPois    .         Spirit   .   (no helmet)
rElec    .         Reflect  .   (no cloak)
rCorr    +         Harm     .   i - +0 pair of gloves
MR       .....                  (no boots)
Stlth    +.........             (no amulet)
HPRegen  0.09/turn              p - ring of resist corrosion
MPRegen  0.10/turn              C - ring of protection from cold

@: no status effects
A: small, carnivore
a: no special abilities


You were on level 3 of the Dungeon.
You were completely stuffed.

You visited 1 branch of the dungeon, and saw 3 of its levels.

You collected 120 gold pieces.

Inventory:

Hand Weapons
 a - a +0 short sword (weapon)
Armour
 i - a +0 pair of gloves (worn)
 r - a +0 ring mail (worn)
Jewellery
 p - a ring of resist corrosion (left hand)
 C - a ring of protection from cold (right hand)
Wands
 d - a wand of enslavement (15)
 e - a wand of random effects (15)
 f - a wand of flame (15)
Scrolls
 g - a scroll of enchant armour {unknown}
 h - 2 scrolls of magic mapping {unknown}
 j - a scroll of identify {unknown}
 o - a scroll of remove curse {unknown}
 s - a scroll of fear {unknown}
Potions
 b - a potion of heal wounds {unknown}
 k - a potion of curing {unknown}
 l - a potion of resistance {unknown}
 m - a potion of lignification {unknown}
 n - a potion of haste {unknown}
 q - a potion of degeneration {unknown}
Comestibles
 c - 4 rations
 t - 2 chunks of flesh


   Skills:
 + Level 2.5 Fighting
 * Level 4.4 Short Blades
 - Level 2.4 Dodging
 - Level 1.3 Stealth
 - Level 3.6 Evocations


You had 3 spell levels left.
You didn't know any spells.
Your spell library was empty.

Dungeon Overview and Level Annotations

Branches:
Dungeon (3/15)

Altars:


Innate Abilities, Weirdness & Mutations

You are small and have problems with some larger weapons.
You are carnivorous and can eat meat at any time.


Message History

You hit the hobgoblin.
The hobgoblin is moderately wounded.
The hobgoblin hits you with a +0 trident!
You take 7 damage, and have 18/27 hp.
MASSIVE DAMAGE!!
You closely miss the hobgoblin.
The hobgoblin is moderately wounded.
The hobgoblin hits you with a +0 trident.
You take 1 damage, and have 17/27 hp.
You are too injured to fight recklessly!
You barely miss the hobgoblin.
The hobgoblin is moderately wounded.
The hobgoblin closely misses you.
You are too injured to fight recklessly!
You barely miss the hobgoblin.
The hobgoblin is moderately wounded.
You are too injured to fight recklessly!
You hit the hobgoblin.
The hobgoblin is severely wounded.
The hobgoblin closely misses you.
You closely miss the hobgoblin.
The hobgoblin is severely wounded.
The hobgoblin barely misses you.
You hit the hobgoblin.
You kill the hobgoblin!
You barely miss the goblin. The goblin barely misses you.
You hit the goblin.
You kill the goblin!
You hit the orc but do no damage. The orc barely misses you.
You hit the orc.
The orc is lightly wounded.
The orc closely misses you.
You hit the orc.
The orc is almost dead.
You hit the orc.
You kill the orc!
Things that are here:
a +0 trident; a goblin corpse You butcher the goblin corpse.
t - 3 chunks of flesh
Things that are here:
a +0 trident; a goblin skeleton Key pressed, stopping explore.
HP restored.
You see here a chain mail.
Things that are here:
a +0 hand axe; an orc skeleton; Health restored: 27
Things that are here:
a jackal skeleton x2
Eating one of 3 chunks of flesh.
You eat one of the 3 chunks of flesh.
This raw flesh tastes great.
Items here: )) [[ ÷ a cursed +0 ring mail; a +0 short sword; a +0 ring mail; a +0 dagger an orc skeleton The orc is too close now for your liking.
An orc is nearby!
An orc comes into view. It is wielding a +0 club.
The orc shouts! x2; You hear a shout! x2
The orc moves out of view.
You hear a shout!
The orc barely misses you.
You hit the orc.
The orc is moderately wounded.
The orc barely misses you.
You hit the orc.
You kill the orc!
You hit the orc priest but do no damage.
The orc shouts!
The orc hits you with a +0 club.
A rat comes into view.
The orc priest closely misses you.
You see here a +0 flail.
You take 1 damage, and have 26/27 hp.
You hit the orc priest.
The orc priest is lightly wounded.
The orc misses you.
The orc priest hits you but does no damage.
You hit the orc priest but do no damage.
The orc priest is lightly wounded.
The orc hits you but does no damage. The orc priest hits you.
You take 3 damage, and have 23/27 hp.
You closely miss the orc priest.
The orc priest is lightly wounded.
You hit the orc priest but do no damage.
The orc priest is lightly wounded.
The orc closely misses you. The orc priest hits you.
You take 3 damage, and have 20/27 hp.
You barely miss the orc priest.
The orc priest is lightly wounded.
The orc barely misses you.
The orc priest calls down the wrath of Beogh upon you.
Beogh smites you!
* * * LOW HITPOINT WARNING * * *
You take 13 damage, and have 7/27 hp.
MASSIVE DAMAGE!!
Unknown command.
You hit the orc priest but do no damage.
The orc priest is lightly wounded.
The orc priest mumbles some strange prayers to Beogh against you.
Beogh smites you!
Ouch! That really hurt!
You die...

##################
#.....[....÷...).#
#.##############.#
#.# ... #.# #.#
.... #.#### #.###
..... #....[
#####...##r.....
######
........o@oo.....
########.##......
#.# ..... #.# ####
#.# ..# ###


You could see an orc priest, 2 orcs and a rat.

Vanquished Creatures
  A dart slug (D:1)
  A leopard gecko (D:1)
  7 orcs
  6 bats
  2 giant cockroaches
  14 hobgoblins
  4 jackals (D:3)
  6 kobolds
  3 frilled lizards
  6 goblins
  3 rats
53 creatures vanquished.

Notes
Turn   | Place    | Note
-------+----------+-------------------------------------------
     0 | D:1      | Monsterracer the Kobold Artificer began the quest for the
                  | Orb.
     0 | D:1      | Reached XP level 1. HP: 12/12 MP: 3/3
   173 | D:1      | Reached skill level 2 in Short Blades
   299 | D:1      | Reached XP level 2. HP: 16/16 MP: 4/4
   445 | D:1      | HP: 8/16 [kobold/+0 whip (3)]
   778 | D:1      | HP: 8/16 [hobgoblin/cursed +0 club (5)]
  1168 | D:1      | Reached skill level 3 in Short Blades
  1398 | D:1      | Reached XP level 3. HP: 21/21 MP: 5/5
  2291 | D:2      | Reached skill level 4 in Short Blades
  2291 | D:2      | Reached XP level 4. HP: 21/26 MP: 6/6
  2471 | D:3      | HP: 10/27 [hobgoblin/+0 trident (5)]
  2802 | D:3      | HP: 7/27 [orc priest/divine providence (13)]
  2803 | D:3      | Killed from afar by an orc priest

Skill      XL: |  1  2  3 |
---------------+----------+-----
Short Blades   | 2 3 4 |  4.4
Fighting       | 2 |  2.5
Dodging        | |  2.4
Stealth        | |  1.3
Evocations     | |  3.6

Action                   |  1- 3 |  4- 6 || total
-------------------------+-------+-------++-------
Melee: Short sword       |   167 |    79 ||   246
 Stab: Sleeping          |     6 |       ||     6
  Eat: Chunk             |    13 |     2 ||    15
Armor: Leather armour    |    42 |       ||    42
       Ring mail         |    18 |    18 ||    36
Dodge: Dodged            |   101 |    33 ||   134

Levels and vault maps discovered:
D:1:      minmay_arrival_four_loops, layout_basic
D:2:      layout_rooms
D:3:      layout_basic, tgw_xom, uniq_jessica
